 Dungeon Crawl Stone Soup version 0.28-a0-8-g6e044cfa68 (webtiles) character file.

Game seed: 7037572608393548414

296 Brandom the Chucker (level 6, -10/39 HPs)
             Began as a Kobold Hunter on July 24, 2021.
             Mangled by a wyvern zombie (12 damage)
             ... on level 3 of the Dungeon.
             The game lasted 00:06:50 (3177 turns).

Brandom the Chucker (Kobold Hunter)                 Turns: 3177, Time: 00:06:51

Health: -10/39     AC:  8    Str: 11    XL:     6   Next: 62%
Magic:  6/6        EV: 20    Int: 13    God:
Gold:   125        SH:  0    Dex: 15    Spells: 5/5 levels left

rFire   . . .      SeeInvis .   e - +2 dagger (protect)
rCold   . . .      Faith    .   (shield restricted)
rNeg    . . .      Spirit   .   b - +0 leather armour
rPois   .          Reflect  .   (no helmet)
rElec   .          Harm     .   n - +0 cloak
rCorr   .          Rampage  .   (no gloves)
Will    .....                   (no boots)
Stlth   +++.......              (no amulet)
HPRegen 0.13/turn               h - +4 ring of evasion
MPRegen 0.10/turn               m - +4 ring of protection

@: brilliant
A: small, no large weapons, nightstalker 3
a: no special abilities


You were on level 3 of the Dungeon.
You visited 1 branch of the dungeon, and saw 4 of its levels.

You collected 125 gold pieces.

Inventory:

Hand Weapons
 a - a +0 short sword
 e - a +2 dagger of protection (weapon)
   (You took it off a goblin on level 1 of the Dungeon)
Missiles
 c - 5 boomerangs (quivered)
 d - 13 poisoned darts
Armour
 b - a +0 leather armour (worn)
 n - a +0 cloak (worn)
   (You found it on level 2 of the Dungeon)
Jewellery
 h - a +4 ring of evasion (left hand)
   (You found it on level 1 of the Dungeon)
 m - a +4 ring of protection (right hand)
   (You found it on level 2 of the Dungeon)
Scrolls
 f - a scroll of teleportation {unknown}
 i - a scroll of enchant weapon {unknown}
 j - a scroll of holy word {unknown}
 o - a scroll of identify {unknown}
Potions
 g - a potion of heal wounds {unknown}
 k - 2 potions of curing {unknown}
 l - 2 potions of brilliance
 p - a potion of resistance {unknown}
 q - a potion of lignification {unknown}


   Skills:
 + Level 4.4 Fighting
 + Level 5.9 Throwing
 + Level 4.9 Dodging
 - Level 1.3 Stealth


You had 5 spell levels left.
You didn't know any spells.
Your spell library was empty.

Dungeon Overview and Level Annotations

Branches:
Dungeon (4/15)
 Temple: D:4-7

Altars:
Kikubaaqudgha


Innate Abilities, Weirdness & Mutations

You are small and have problems with some larger weapons.
You are completely attuned to the shadows.


Message History

There is a stone staircase leading up here.
You climb upwards.
There is a stone staircase leading down here.
You see here a +0 short sword.
You now have 125 gold pieces (gained 13).
You open the gate.
The wyvern zombie completely misses you.
The wyvern skeleton bites you but does no damage.
The wyvern zombie misses you.
You barely miss the wyvern zombie. The wyvern zombie misses you.
You hit the wyvern zombie but do no damage.
Your weapon exudes an aura of protection.
The wyvern zombie completely misses you.
The wyvern zombie bites you.
You hit the wyvern zombie but do no damage.
The wyvern zombie bites you!
You hit the wyvern zombie.
The wyvern zombie bites you but does no damage.
You hit the wyvern zombie but do no damage.
The wyvern zombie misses you. The wyvern zombie barely misses you.
Unknown command.
Throw: 14 darts (poison)
Aim: a wyvern zombie (lightly damaged, 80% to hit)
You throw a poisoned dart.
The poisoned dart hits the wyvern zombie.
Throw: 5 boomerangs
Aim: a wyvern zombie (lightly damaged, 80% to hit)
You throw a boomerang. The boomerang hits the wyvern zombie.
The wyvern zombie completely misses you.
The wyvern zombie closely misses you.
Throw: 5 boomerangs
Aim: a wyvern zombie (lightly damaged, 80% to hit)
You throw a boomerang.
The boomerang hits the wyvern zombie but does no damage.
The wyvern zombie barely misses you.
Okay, then.
The wyvern zombie bites you but does no damage.
The wyvern zombie bites you. The wyvern zombie bites you!
* * * LOW HITPOINT WARNING * * *
The wyvern zombie misses you. The wyvern zombie bites you.
* * * LOW HITPOINT WARNING * * *
The wyvern zombie completely misses you.
The wyvern zombie bites you!
* * * LOW HITPOINT WARNING * * *
It was a potion of brilliance.
You feel clever all of a sudden. The wyvern zombie bites you!
You die...

#...# #.####.##.# .#.#..##. ###.#
#<# #.##.# ...#..##. #.# #.#
#.##.# ...'..##. ######.## #.#
#.##.# ...'..### ........#
#.####.##.# ...'....# ######..#
#.........# ...#.##.# ### #..#
######.#### .#.#.##Z( ..##
#..########...##############
.#.###>......[..@#........)# ##
###.##.#########ZZ.######### #. #
##...........).Z##############.
###.##.#########.#...Z...........
.#.###.# ###.##############.
..[....# #..............# #.
......## #.##.####.####.# ##
#####.# ##.##.# #.# #.# #.#
#..##.# #.# #.#


You could see a water moccasin zombie, a wyvern zombie and a wyvern skeleton.

Vanquished Creatures
  An ogre (D:4)
  2 vampire bats (D:3)
  Crazy Yiuf (D:2)
  Terence (D:2)
  A hound skeleton (D:4)
  An adder (D:3)
  2 dart slugs (D:1)
  2 orcs (D:3)
  4 bats
  3 bat skeletons (D:3)
  3 bat zombies (D:3)
  7 endoplasms
  4 giant cockroaches
  A goblin (D:1)
  4 hobgoblins
  A kobold (D:3)
  2 quokkas (D:1)
  4 ball pythons
  4 frilled lizards
  5 rats
53 creatures vanquished.

Notes
Turn   | Place    | Note
-------+----------+-------------------------------------------
     0 | D:1      | Brandom the Kobold Hunter began the quest for the Orb.
     0 | D:1      | Reached XP level 1. HP: 12/12 MP: 1/1
   320 | D:1      | Reached XP level 2. HP: 18/18 MP: 2/2
   615 | D:1      | Found a faded altar of an unknown god.
   676 | D:1      | Reached XP level 3. HP: 18/22 MP: 3/3
  1344 | D:2      | Noticed Terence
  1351 | D:2      | Killed Terence
  1352 | D:2      | Reached XP level 4. HP: 28/28 MP: 4/4
  1407 | D:2      | Reached skill level 5 in Throwing
  1729 | D:2      | Found a runed translucent door.
  1732 | D:2      | Noticed Crazy Yiuf
  1743 | D:2      | Killed Crazy Yiuf
  2049 | D:3      | Reached XP level 5. HP: 27/32 MP: 5/5
  2283 | D:3      | Found an ancient bone altar of Kikubaaqudgha.
  2319 | D:3      | Reached XP level 6. HP: 33/38 MP: 6/6
  2824 | D:3      | You fall into a shaft and drop 1 floor!
  2859 | D:4      | Noticed an ogre
  2886 | D:4      | Killed an ogre
  3016 | D:3      | Found a runed translucent gate.
  3016 | D:3      | Found a runed translucent gate.
  3016 | D:3      | Found a runed translucent gate.
  3177 | D:3      | Mangled by a wyvern zombie

Illustrated notes

Levels and vault maps discovered:
D:1:      scummos_arrival_forest, layout_basic,
          hellmonk_ecumenical_altar_slurped_away
D:2:      layout_rooms, uniq_crazy_yiuf_cottage, uniq_terence
D:3:      layout_loops_ring, kennysheep_vampire_church,
          gammafunk_ghost_necromancy, mrwooster_statue_mirror
D:4:      layout_gridville, minmay_temple_entry_wispy, nicolae_alphabet_shops

Skill      XL: |  1  2  3  4  5 |
---------------+----------------+-----
Dodging        | 3 4 |  4.9
Fighting       | 3 4 |  4.4
Throwing       | 5 |  5.9
Stealth        | |  1.3

Action                   |  1- 3 |  4- 6 || total
-------------------------+-------+-------++-------
Melee: Short sword       |    20 |       ||    20
       Dagger            |    13 |    90 ||   103
Throw: Boomerang         |    37 |    43 ||    80
       Throwing net      |     1 |     1 ||     2
       Dart              |       |     8 ||     8
  Use: Potion            |       |     1 ||     1
 Stab: Sleeping          |       |     2 ||     2
Armor: Leather armour    |    10 |    45 ||    55
Dodge: Dodged            |    23 |   139 ||   162

Table legend: (Time is in decaauts)
 A = Elapsed time spent in this place.
 B = Non-inter-level travel time spent in this place.
 C = Inter-level travel time spent in this place.
 D = Time resting spent in this place.
 E = Time spent auto-exploring this place.
 F = Levels seen in this place.
 G = Mean time per level.
                   A        B        C        D        E       F      G
               +--------+--------+--------+--------+--------+-----+--------+
         Total |   3178 |   3135 |     43 |      0 |   2718 |   4 |  794.5 |
       Dungeon |   3178 |   3135 |     43 |      0 |   2718 |   4 |  794.5 |
               +--------+--------+--------+--------+--------+-----+--------+

Top non-repeatable levels by time:
     D:1: 1343 daAuts
     D:3: 1077 daAuts
     D:2: 661 daAuts
     D:4: 96 daAuts
